| TOP OF THE 1ST |
|
Washington (APP) Nationals batting - Pitching for Philadelphia (APP) Phillies : LHP Justin Harrison
|
|
Pitching: LHP Justin Harrison
|
|
|
Batting: RHB Victor Rojas
|
0-0: Ground out 3-1 (Groundball, 34, EV 105.6 MPH)
|
|
Batting: RHB Billy Williamson
|
0-0: Foul Ball, location: 2F 0-1: Fly out, F8 (Flyball, 8RD, EV 75.6 MPH)
|
|
Batting: RHB Jess Thomas
|
0-0: Ball 1-0: Fly out, F8 (Flyball, 89M, EV 86.2 MPH)
|
| Top of the 1st over - 0 runs, 0 hits, 0 errors, 0 left on base; Washington (APP) 0 - Philadelphia (APP) 0 |
| BOTTOM OF THE 1ST |
|
Philadelphia (APP) Phillies batting - Pitching for Washington (APP) Nationals : RHP Ivan Bonilla
|
|
Pitching: RHP Ivan Bonilla
|
|
|
Batting: RHB Dan Doggett
|
0-0: Ball 1-0: SINGLE (Groundball, 6MD, EV 103.1 MPH)
|
|
Batting: LHB Victor Estrada
|
0-0: 2-RUN HOME RUN (Flyball, 89XD, EV 103.8 MPH), Distance : 404 ft
|
|
Batting: SHB Sam Fredrick
|
0-0: SOLO HOME RUN (Line Drive, 7D, EV 107.5 MPH), Distance : 408 ft
|
|
Batting: RHB Nick Maxwell
|
0-0: Ball 1-0: Swinging Strike 1-1: Called Strike 1-2: Ball 2-2: Ball 3-2: Foul Ball, location: 2F 3-2: Base on Balls
|
|
Batting: LHB Jessie Whedbee
|
0-0: Ball 1-0: Called Strike 1-1: Swinging Strike 1-2: Foul Ball, location: 2F 1-2: Strikes out swinging
|
|
Batting: RHB Mike Ryan
|
0-0: Ball 1-0: Foul Ball, location: 2F 1-1: Ball 2-1: Swinging Strike 2-2: Ball 3-2: Fly out, F8 (Flyball, 8LXD, EV 90.6 MPH)
|
|
Batting: RHB Jose Hurtado
|
0-0: Ball 1-0: Foul Ball, location: 2F 1-1: Swinging Strike 1-2: Foul Ball, location: 2F 1-2: Strikes out looking
|
| Bottom of the 1st over - 3 runs, 3 hits, 0 errors, 1 left on base; Washington (APP) 0 - Philadelphia (APP) 3 |
| TOP OF THE 2ND |
|
Washington (APP) Nationals batting - Pitching for Philadelphia (APP) Phillies : LHP Justin Harrison
|
|
Batting: RHB Ryan Wright
|
0-0: Ball 1-0: Ball 2-0: Foul Ball, location: 2F 2-1: Foul Ball, location: 2F 2-2: Ball 3-2: SOLO HOME RUN (Flyball, 78XD, EV 105.6 MPH), Distance : 428 ft
|
|
Batting: RHB Ben Lowe
|
0-0: Ball 1-0: Called Strike 1-1: Ball 2-1: Called Strike 2-2: Strikes out swinging
|
|
Batting: SHB John Husson
|
0-0: DOUBLE (Flyball, 8LD, EV 91.9 MPH)
|
|
Batting: LHB Tony Olvera
|
0-0: Ball 1-0: Ball 2-0: Ball 3-0: Called Strike 3-1: Called Strike 3-2: Ground out 5-3 (Groundball, 56, EV 105.6 MPH)
|
|
Pitching: RHP Robert Mccabe
|
|
|
Batting: RHB Jason Curry
|
0-0: Called Strike 0-1: SINGLE (Groundball, 34D, EV 97.5 MPH) John Husson to third
|
|
Batting: RHB Akira Ishihara
|
0-0: SINGLE (Groundball, 3D, EV 102.5 MPH) John Husson scores Jason Curry to second Runner from 2nd tries for 3rd, SAFE, throw by RF made to third
|
|
Batting: RHB Victor Rojas
|
0-0: Ball 1-0: Ball 2-0: Foul Ball, location: 2F 2-1: Fielders Choice at 2nd, 5-4 (Groundball, 56, EV 93.1 MPH)
|
| Top of the 2nd over - 2 runs, 4 hits, 0 errors, 2 left on base; Washington (APP) 2 - Philadelphia (APP) 3 |
| BOTTOM OF THE 2ND |
|
Philadelphia (APP) Phillies batting - Pitching for Washington (APP) Nationals : RHP Ivan Bonilla
|
|
Batting: RHB Takuzo Sato
|
0-0: Ball 1-0: Ground out 5-3 (Groundball, 56S, EV 71.9 MPH)
|
|
Batting: RHB Rüdiger Stritter
|
0-0: Ball 1-0: Ball 2-0: Foul Ball, location: 2F 2-1: Called Strike 2-2: Strikes out looking
|
|
Batting: RHB Dan Doggett
|
0-0: Ball 1-0: Called Strike 1-1: Ball 2-1: Foul Ball, location: 2F 2-2: Ground out 5-3 (Groundball, 15, EV 83.8 MPH)
|
| Bottom of the 2nd over - 0 runs, 0 hits, 0 errors, 0 left on base; Washington (APP) 2 - Philadelphia (APP) 3 |
| TOP OF THE 3RD |
|
Washington (APP) Nationals batting - Pitching for Philadelphia (APP) Phillies : RHP Robert Mccabe
|
|
Batting: RHB Billy Williamson
|
0-0: Foul Ball, location: 2F 0-1: Foul Ball, location: 2F 0-2: Ball 1-2: Ball 2-2: SINGLE (Groundball, 6MD, EV 110.6 MPH)
|
|
Batting: RHB Jess Thomas
|
0-0: Called Strike 0-1: Ball 1-1: Called Strike Billy Williamson steals 2nd base 1-2: Foul Ball, location: 2F 1-2: SINGLE (Groundball, 6MS, EV 68.8 MPH) (infield hit) Billy Williamson to third
|
|
Batting: RHB Ryan Wright
|
0-0: Ball Jess Thomas steals 2nd base 1-0: Ball 2-0: Called Strike 2-1: Fly out, F8 (Line Drive, 8LS, EV 100.6 MPH) Runner from 3rd tags up, SCORES, throw by CF
|
|
Pitching: LHP Marc Haigler
|
|
|
Batting: RHB Ben Lowe
|
0-0: Swinging Strike 0-1: Swinging Strike 0-2: Ball Wild Pitch! Jess Thomas to third 1-2: Strikes out swinging
|
|
Batting: SHB John Husson
|
0-0: Ball 1-0: DOUBLE (Line Drive, 7LM, EV 91.9 MPH) Jess Thomas scores
|
|
Batting: LHB Tony Olvera
|
0-0: Ball 1-0: Foul Ball, location: 2F 1-1: Called Strike 1-2: Ball 2-2: Foul Ball, location: 2F 2-2: Strikes out looking
|
| Top of the 3rd over - 2 runs, 3 hits, 0 errors, 1 left on base; Washington (APP) 4 - Philadelphia (APP) 3 |
| BOTTOM OF THE 3RD |
|
Philadelphia (APP) Phillies batting - Pitching for Washington (APP) Nationals : RHP Ivan Bonilla
|
|
Batting: LHB Victor Estrada
|
0-0: Ball 1-0: Ball 2-0: Called Strike 2-1: Foul Ball, location: 2F 2-2: Ball 3-2: Foul Ball, location: 2F 3-2: Base on Balls
|
|
Batting: SHB Sam Fredrick
|
0-0: Called Strike 0-1: Ball 1-1: SINGLE (Groundball, 34S, EV 70.6 MPH) (infield hit) Victor Estrada to second
|
|
Batting: RHB Nick Maxwell
|
0-0: Swinging Strike 0-1: Foul Ball, location: 2F 0-2: Ball 1-2: Ball 2-2: Ball 3-2: Fly out, F8 (Flyball, 8RS, EV 90.6 MPH)
|
|
Batting: LHB Jessie Whedbee
|
0-0: Called Strike 0-1: Called Strike 0-2: DOUBLE (Groundball, 3L, EV 106.9 MPH) Victor Estrada scores Sam Fredrick to third
|
|
Batting: RHB Mike Ryan
|
0-0: Ball 1-0: Called Strike 1-1: Foul Ball, location: 2F 1-2: Ball 2-2: Foul Ball, location: 2F 2-2: Foul Ball, location: 2F 2-2: Strikes out swinging
|
|
Batting: RHB Jose Hurtado
|
0-0: Ball 1-0: Called Strike 1-1: Ball 2-1: Foul Ball, location: 2F 2-2: Strikes out looking
|
| Bottom of the 3rd over - 1 run, 2 hits, 0 errors, 2 left on base; Washington (APP) 4 - Philadelphia (APP) 4 |
| TOP OF THE 4TH |
|
Washington (APP) Nationals batting - Pitching for Philadelphia (APP) Phillies : LHP Marc Haigler
|
|
Batting: RHB Jason Curry
|
0-0: Called Strike 0-1: Called Strike 0-2: Strikes out swinging
|
|
Batting: RHB Akira Ishihara
|
0-0: Called Strike 0-1: SINGLE (Flyball, 5D, EV 94.4 MPH)
|
|
Batting: RHB Victor Rojas
|
0-0: Called Strike 0-1: Swinging Strike 0-2: Strikes out looking
|
|
Batting: RHB Billy Williamson
|
0-0: Ball 1-0: SINGLE (Groundball, 6D, EV 105.0 MPH) Akira Ishihara to second
|
|
Batting: RHB Jess Thomas
|
0-0: Foul Ball, location: 2F 0-1: Foul Ball, location: 2F 0-2: Ball 1-2: Foul Ball, location: 2F 1-2: Strikes out swinging
|
| Top of the 4th over - 0 runs, 2 hits, 0 errors, 2 left on base; Washington (APP) 4 - Philadelphia (APP) 4 |
| BOTTOM OF THE 4TH |
|
Philadelphia (APP) Phillies batting - Pitching for Washington (APP) Nationals : RHP Ivan Bonilla
|
|
Batting: RHB Takuzo Sato
|
0-0: Ball 1-0: Called Strike 1-1: Called Strike 1-2: Strikes out looking
|
|
Batting: RHB Rüdiger Stritter
|
0-0: Ball 1-0: Called Strike 1-1: SINGLE (Line Drive, 6MD, EV 96.2 MPH)
|
|
Batting: RHB Dan Doggett
|
0-0: Ball 1-0: Called Strike 1-1: Ball 2-1: Ball 3-1: Base on Balls Rüdiger Stritter to second
|
|
Pitching: RHP Ramiro Ramirez
|
|
|
Batting: LHB Victor Estrada
|
0-0: Foul Ball, location: 2F 0-1: Foul Ball, location: 2F 0-2: Ball 1-2: Ball 2-2: Ball 3-2: SINGLE (Groundball, 56, EV 105.0 MPH) Rüdiger Stritter to third Dan Doggett to second
|
|
Batting: SHB Sam Fredrick
|
0-0: Ball 1-0: Called Strike 1-1: Swinging Strike 1-2: Strikes out swinging
|
|
Batting: RHB Nick Maxwell
|
0-0: Ball 1-0: Called Strike 1-1: Called Strike 1-2: Ball 2-2: Ball 3-2: Foul Ball, location: 2F 3-2: Strikes out swinging
|
| Bottom of the 4th over - 0 runs, 2 hits, 0 errors, 3 left on base; Washington (APP) 4 - Philadelphia (APP) 4 |
| TOP OF THE 5TH |
|
Washington (APP) Nationals batting - Pitching for Philadelphia (APP) Phillies : LHP Marc Haigler
|
|
Batting: RHB Ryan Wright
|
0-0: Swinging Strike 0-1: Ball 1-1: Foul Ball, location: 2F 1-2: Foul Ball, location: 2F 1-2: SINGLE (Groundball, 6S, EV 98.1 MPH)
|
|
Batting: RHB Ben Lowe
|
0-0: Fielders Choice at 2nd, 5-4 (Groundball, 56, EV 85.0 MPH)
|
|
Batting: SHB John Husson
|
0-0: Ball 1-0: Foul Ball, location: 2F 1-1: SINGLE (Groundball, 34, EV 103.8 MPH) Ben Lowe to second Runner from 2nd tries for 3rd, OUT! 9-5 John Husson to second
|
|
Batting: LHB Tony Olvera
|
0-0: Foul Ball, location: 2F 0-1: Ball Passed Ball! John Husson to third 1-1: 2-RUN HOME RUN (Flyball, 89XD, EV 101.2 MPH), Distance : 409 ft
|
|
Batting: RHB Jason Curry
|
0-0: Ball 1-0: Ball 2-0: Called Strike 2-1: Ball 3-1: Base on Balls
|
|
Batting: RHB Akira Ishihara
|
0-0: Called Strike 0-1: Ball 1-1: Ball 2-1: Ball 3-1: Foul Ball, location: 2F 3-2: Base on Balls Jason Curry to second
|
|
Batting: RHB Victor Rojas
|
0-0: Ball 1-0: Ball 2-0: Foul Ball, location: 2F 2-1: Foul Ball, location: 2F 2-2: Strikes out swinging
|
| Top of the 5th over - 2 runs, 3 hits, 0 errors, 2 left on base; Washington (APP) 6 - Philadelphia (APP) 4 |
| BOTTOM OF THE 5TH |
|
Philadelphia (APP) Phillies batting - Pitching for Washington (APP) Nationals : RHP Ramiro Ramirez
|
|
Batting: LHB Jessie Whedbee
|
0-0: Called Strike 0-1: SINGLE (Groundball, 34S, EV 73.8 MPH) (infield hit)
|
|
Batting: RHB Mike Ryan
|
0-0: Called Strike 0-1: Called Strike 0-2: Ball 1-2: Foul Ball, location: 2F 1-2: Strikes out swinging
|
|
Batting: RHB Jose Hurtado
|
0-0: Swinging Strike 0-1: Called Strike 0-2: Ball 1-2: Foul Ball, location: 2F 1-2: Ball 2-2: Strikes out swinging
|
|
Pitching: RHP Faradur Bhutani
|
|
|
Batting: RHB Takuzo Sato
|
0-0: Ball 1-0: Foul Ball, location: 2F 1-1: Foul Ball, location: 2F 1-2: Foul Ball, location: 2F 1-2: Foul Ball, location: 2F 1-2: Ball 2-2: Foul Ball, location: 2F 2-2: Strikes out swinging
|
| Bottom of the 5th over - 0 runs, 1 hit, 0 errors, 1 left on base; Washington (APP) 6 - Philadelphia (APP) 4 |
| TOP OF THE 6TH |
|
Washington (APP) Nationals batting - Pitching for Philadelphia (APP) Phillies : LHP Marc Haigler
|
|
Batting: RHB Billy Williamson
|
0-0: Ball 1-0: Foul Ball, location: 2F 1-1: Swinging Strike 1-2: Foul Ball, location: 2F 1-2: Strikes out looking
|
|
Batting: RHB Jess Thomas
|
0-0: Fly out, F8 (Flyball, 8LS, EV 77.5 MPH)
|
|
Pitching: RHP Robert Chauvel
|
|
|
Batting: RHB Ryan Wright
|
0-0: SINGLE (Groundball, 56, EV 101.9 MPH)
|
|
Pinch Hitting: LHB Emery Helm
|
0-0: Swinging Strike 0-1: Called Strike 0-2: Ball 1-2: Strikes out swinging
|
| Top of the 6th over - 0 runs, 1 hit, 0 errors, 1 left on base; Washington (APP) 6 - Philadelphia (APP) 4 |
| BOTTOM OF THE 6TH |
|
Philadelphia (APP) Phillies batting - Pitching for Washington (APP) Nationals : RHP Faradur Bhutani
|
|
Now at SS: Ivan Torres
|
|
|
Batting: RHB Rüdiger Stritter
|
0-0: Ball 1-0: Called Strike 1-1: Ball 2-1: Foul Ball, location: 2F 2-2: Strikes out looking
|
|
Batting: RHB Dan Doggett
|
0-0: Ball 1-0: Ball 2-0: Called Strike 2-1: Swinging Strike 2-2: Strikes out swinging
|
|
Batting: LHB Victor Estrada
|
0-0: Called Strike 0-1: Ground out 6-3 (Groundball, 6M, EV 98.1 MPH)
|
| Bottom of the 6th over - 0 runs, 0 hits, 0 errors, 0 left on base; Washington (APP) 6 - Philadelphia (APP) 4 |
| TOP OF THE 7TH |
|
Washington (APP) Nationals batting - Pitching for Philadelphia (APP) Phillies : RHP Robert Chauvel
|
|
Batting: SHB John Husson
|
0-0: Called Strike 0-1: Ball 1-1: Ball 2-1: Called Strike 2-2: Foul Ball, location: 2F 2-2: Ball 3-2: Base on Balls
|
|
Batting: LHB Tony Olvera
|
0-0: Called Strike 0-1: Called Strike 0-2: Ball 1-2: Foul Ball, location: 2F 1-2: Strikes out swinging
|
|
Batting: RHB Jason Curry
|
0-0: Reached on error, E3 (Groundball, 34, EV 101.9 MPH) John Husson to second
|
|
Batting: RHB Akira Ishihara
|
0-0: Called Strike 0-1: Ball 1-1: Ball 2-1: Ball 3-1: Base on Balls John Husson to third Jason Curry to second
|
|
Batting: RHB Victor Rojas
|
0-0: Ball 1-0: Foul Ball, location: 2F 1-1: Swinging Strike 1-2: Strikes out swinging
|
|
Batting: RHB Billy Williamson
|
0-0: Ball 1-0: GRAND SLAM HOME RUN (Flyball, 9LD, EV 95.0 MPH), Distance : 386 ft
|
|
Pinch Hitting: LHB Carlos Guadarrama
|
0-0: Ball 1-0: DOUBLE (Line Drive, 78D, EV 113.8 MPH)
|
|
Batting: RHB Ryan Wright
|
0-0: Called Strike 0-1: Ball 1-1: Ground out 5-3 (Groundball, 5, EV 106.9 MPH)
|
| Top of the 7th over - 4 runs, 2 hits, 1 error, 1 left on base; Washington (APP) 10 - Philadelphia (APP) 4 |
| BOTTOM OF THE 7TH |
|
Philadelphia (APP) Phillies batting - Pitching for Washington (APP) Nationals : RHP Faradur Bhutani
|
|
Now in LF: Carlos Guadarrama
|
|
|
Batting: SHB Sam Fredrick
|
0-0: Swinging Strike 0-1: Ball 1-1: Called Strike 1-2: Strikes out swinging
|
|
Batting: RHB Nick Maxwell
|
0-0: Ball 1-0: Foul Ball, location: 2F 1-1: Swinging Strike 1-2: Ball 2-2: Strikes out looking
|
|
Batting: LHB Jessie Whedbee
|
0-0: Ball 1-0: Foul Ball, location: 2F 1-1: Ball 2-1: Foul Ball, location: 2F 2-2: Ball 3-2: Strikes out swinging
|
| Bottom of the 7th over - 0 runs, 0 hits, 0 errors, 0 left on base; Washington (APP) 10 - Philadelphia (APP) 4 |
| TOP OF THE 8TH |
|
Washington (APP) Nationals batting - Pitching for Philadelphia (APP) Phillies : RHP Robert Chauvel
|
|
Batting: RHB Ivan Torres
|
0-0: Ball 1-0: Foul Ball, location: 2F 1-1: Swinging Strike 1-2: Strikes out looking
|
|
Batting: SHB John Husson
|
0-0: Called Strike 0-1: Called Strike 0-2: Ball 1-2: Ball 2-2: Ball 3-2: Base on Balls
|
|
Batting: LHB Tony Olvera
|
0-0: Called Strike 0-1: Foul Ball, location: 2F 0-2: SINGLE (Line Drive, 7S, EV 86.2 MPH) John Husson to second
|
|
Batting: RHB Jason Curry
|
0-0: Ball 1-0: Single, Error in OF, E8, batter to second base (Line Drive, 8RS, EV 111.9 MPH) John Husson scores Tony Olvera to third
|
|
Batting: RHB Akira Ishihara
|
0-0: Ball Passed Ball! Tony Olvera scores Jason Curry to third 1-0: Called Strike 1-1: Called Strike 1-2: Strikes out swinging
|
|
Batting: RHB Victor Rojas
|
0-0: Ball 1-0: Foul Ball, location: 2RF, Error on foul ball, E2 1-1: DOUBLE (Line Drive, 78D, EV 103.8 MPH) Jason Curry scores
|
|
Batting: RHB Billy Williamson
|
0-0: Called Strike 0-1: Ball 1-1: Ball 2-1: Foul Ball, location: 2F 2-2: Strikes out swinging
|
| Top of the 8th over - 3 runs, 3 hits, 2 errors, 1 left on base; Washington (APP) 13 - Philadelphia (APP) 4 |
| BOTTOM OF THE 8TH |
|
Philadelphia (APP) Phillies batting - Pitching for Washington (APP) Nationals : RHP Faradur Bhutani
|
|
Pitching: RHP Michael Bastian
|
|
|
Batting: RHB Mike Ryan
|
0-0: Ball 1-0: Fly out, F9 (Flyball, 9LM, EV 95.6 MPH)
|
|
Batting: RHB Jose Hurtado
|
0-0: Called Strike 0-1: Foul Ball, location: 2F 0-2: Ball 1-2: Strikes out swinging
|
|
Batting: RHB Takuzo Sato
|
0-0: DOUBLE (Groundball, 5L, EV 103.8 MPH)
|
|
Batting: RHB Rüdiger Stritter
|
0-0: Ball 1-0: Foul Ball, location: 2F 1-1: Called Strike 1-2: Strikes out looking
|
| Bottom of the 8th over - 0 runs, 1 hit, 0 errors, 1 left on base; Washington (APP) 13 - Philadelphia (APP) 4 |
| TOP OF THE 9TH |
|
Washington (APP) Nationals batting - Pitching for Philadelphia (APP) Phillies : RHP Robert Chauvel
|
|
Pitching: RHP Franck Basset
|
|
|
Batting: LHB Carlos Guadarrama
|
0-0: Ball 1-0: Ball 2-0: Ball 3-0: Called Strike 3-1: Base on Balls
|
|
Batting: RHB Ryan Wright
|
0-0: Called Strike 0-1: Ball 1-1: 2-RUN HOME RUN (Line Drive, 7D, EV 101.9 MPH), Distance : 401 ft
|
|
Batting: RHB Ivan Torres
|
0-0: Reached on error, E6 (Groundball, 6, EV 102.5 MPH)
|
|
Batting: SHB John Husson
|
0-0: Ball 1-0: Foul Ball, location: 2F 1-1: Foul Ball, location: 2F 1-2: Ball 2-2: Strikes out swinging
|
|
Batting: LHB Tony Olvera
|
0-0: Called Strike Passed Ball! Ivan Torres to second 0-1: SINGLE (Line Drive, 3D, EV 105.6 MPH) Ivan Torres to third
|
|
Batting: RHB Jason Curry
|
0-0: Reached on error, E6 (Groundball, 56, EV 80.6 MPH) Ivan Torres scores Tony Olvera to second
|
|
Batting: RHB Akira Ishihara
|
0-0: Ball 1-0: Ball 2-0: Ball 3-0: Base on Balls Tony Olvera to third Jason Curry to second
|
|
Pitching: LHP Chris Alexopoulos
|
|
|
Batting: RHB Victor Rojas
|
0-0: Swinging Strike 0-1: Ball 1-1: Ball 2-1: Ball 3-1: Base on Balls Tony Olvera scores Jason Curry to third Akira Ishihara to second
|
|
Batting: RHB Billy Williamson
|
0-0: Called Strike 0-1: Ball Wild Pitch! Jason Curry scores Akira Ishihara to third Victor Rojas to second 1-1: Ball 2-1: Foul Ball, location: 2F 2-2: DOUBLE (Line Drive, 78D, EV 111.2 MPH) Akira Ishihara scores Victor Rojas scores
|
|
Batting: LHB Carlos Guadarrama
|
0-0: SINGLE (Groundball, 34S, EV 90.6 MPH) (infield hit) Billy Williamson to third
|
|
Batting: RHB Ryan Wright
|
0-0: Called Strike 0-1: Ball 1-1: 3-RUN HOME RUN (Flyball, 7D, EV 109.4 MPH), Distance : 430 ft
|
|
Batting: RHB Ivan Torres
|
0-0: Called Strike 0-1: Reached on error, E3 (Groundball, 34, EV 76.2 MPH)
|
|
Batting: SHB John Husson
|
0-0: Foul Ball, location: 2F 0-1: Grounds into double play, 4-6-3 (Groundball, 34, EV 102.5 MPH)
|
| Top of the 9th over - 10 runs, 5 hits, 3 errors, 0 left on base; Washington (APP) 23 - Philadelphia (APP) 4 |
| BOTTOM OF THE 9TH |
|
Philadelphia (APP) Phillies batting - Pitching for Washington (APP) Nationals : RHP Michael Bastian
|
|
Batting: RHB Dan Doggett
|
0-0: Ball 1-0: Hit by Pitch
|
|
Batting: LHB Victor Estrada
|
0-0: Ball 1-0: Called Strike 1-1: Swinging Strike 1-2: Ball 2-2: Ball 3-2: Fly out, F6 (Popup, 56D, EV 49.4 MPH)
|
|
Batting: SHB Sam Fredrick
|
0-0: Ball 1-0: Ball 2-0: Ball 3-0: Base on Balls Dan Doggett to second
|
|
Pitching: RHP Seth Wright
|
|
|
Batting: RHB Nick Maxwell
|
0-0: Called Strike 0-1: Foul Ball, location: 2F 0-2: Strikes out looking
|
|
Batting: LHB Jessie Whedbee
|
0-0: Called Strike 0-1: Swinging Strike 0-2: Strikes out swinging
|
| Bottom of the 9th over - 0 runs, 0 hits, 0 errors, 2 left on base; Washington (APP) 23 - Philadelphia (APP) 4 |
|